 Dungeon Crawl Stone Soup version 0.28-a0-2-g643f2454ad (webtiles) character file.

Game seed: 16185792521830032356

56 Sin92 the Skirmisher (level 3, 0/29 HPs)
             Began as a Demonspawn Fighter on July 22, 2021.
             Slain by a dart slug (1 damage)
             ... on level 2 of the Dungeon.
             The game lasted 00:01:42 (1743 turns).

Sin92 the Skirmisher (Demonspawn Fighter)           Turns: 1743, Time: 00:01:43

Health: 0/29       AC: 17    Str: 17    XL:     3   Next: 69%
Magic:  3/3        EV:  5    Int:  9    God:
Gold:   41         SH:  9    Dex: 12    Spells: 2/2 levels left

rFire   . . .      SeeInvis .   a - +0 flail
rCold   . . .      Faith    .   c - +0 kite shield
rNeg    . . .      Spirit   .   i - +0 chain mail
rPois   .          Reflect  .   (no helmet)
rElec   .          Harm     .   (no cloak)
rCorr   .          Rampage  .   j - +0 pair of gloves
Will    .....                   h - +0 pair of boots
Stlth   ..........              (no amulet)
HPRegen 0.09/turn               (no ring)
MPRegen 0.08/turn               (no ring)

@: sanguine armoured
A: sanguine armour 1
a: no special abilities


You were on level 2 of the Dungeon.
You visited 1 branch of the dungeon, and saw 2 of its levels.

You collected 41 gold pieces.

Inventory:

Hand Weapons
 a - a +0 flail (weapon)
Armour
 b - a +0 scale mail
 c - a +0 kite shield (worn)
 h - a +0 pair of boots (worn)
 i - a +0 chain mail (worn)
 j - a +0 pair of gloves (worn)
Scrolls
 e - 2 scrolls of identify
Potions
 d - a potion of might
 f - a potion of magic {unknown}
 g - a potion of cancellation {unknown}


   Skills:
 + Level 3.4 Fighting
 + Level 2.2 Maces & Flails
 + Level 3.0 Armour
 + Level 1.1 Dodging
 + Level 3.1 Shields


You had 2 spell levels left.
You didn't know any spells.
Your spell library contained the following spells:

 Spells                   Type           Power      Damage    Failure   Level
 Animate Skeleton         Necr           0%         N/A       100%        1
 Apportation              Tloc           0%         N/A       100%        1
 Corona                   Hex            0%         N/A       100%        1
 Summon Small Mammal      Summ           0%         N/A       100%        1
 Sublimation of Blood     Necr           0%         N/A       100%        2
 Petrify                  Tmut/Erth      0%         N/A       100%        4
 Irradiate                Conj/Tmut      0%         3d14      100%        5


Dungeon Overview and Level Annotations

Branches:
Dungeon (2/15)

Altars:


Innate Abilities, Weirdness & Mutations

When seriously injured, your bleeding wounds create armour. (AC +6)


Message History

Your chain mail prevents you from hitting the adder.
The adder is almost dead.
The adder bites you but does no damage. The worm barely misses you.
The dart slug launches a dart at you.
The slug dart hits you but does no damage.
You miss the adder.
The adder is almost dead.
The adder bites you but does no damage. The adder barely misses you.
You block the worm's attack. You block the dart slug's attack.
The adder bites you but does no damage.
You closely miss the adder.
The adder is almost dead.
The adder bites you but does no damage.
The dart slug bites you but does no damage.
The worm bites you but does no damage.
You closely miss the adder.
The adder is almost dead.
You block the adder's attack. x2; The dart slug barely misses you.
The worm bites you but does no damage. The adder bites you but does no damage.
You closely miss the adder.
The adder is almost dead.
You block the adder's attack.
The dart slug bites you but does no damage.
The worm bites you but does no damage.
You closely miss the adder.
The adder is almost dead.
The adder bites you but does no damage. You block the adder's attack.
The dart slug bites you but does no damage.
You hit the adder.
You kill the adder!
The worm bites you.
* * * LOW HITPOINT WARNING * * *
The dart slug bites you.
* * * LOW HITPOINT WARNING * * *
The worm bites you.
* * * LOW HITPOINT WARNING * * *
You sock the worm!
The worm is heavily wounded.
You block the worm's attack. The dart slug bites you.
You die...

#... #..... #.....#
#...^.# # .###.....#####.#
..#.....#.....###
........w........
#.....w@# #.......#
##.#.......# ######
...........# #....######
......###..#####.#.......#
..... #..##....<.......#
.... #..##.###........#
... #..##.#..........# ..
#.....#.##.......#


You could see a worm and a dart slug.

Vanquished Creatures
  An adder (D:2)
  A dart slug (D:1)
  8 endoplasms
  2 giant cockroaches
  2 goblins
  2 hobgoblins
  6 kobolds
  3 quokkas
  6 ball pythons
  4 bats (D:1)
  A frilled lizard (D:1)
  2 rats (D:1)
38 creatures vanquished.

Notes
Turn   | Place    | Note
-------+----------+-------------------------------------------
     0 | D:1      | Sin92 the Demonspawn Fighter began the quest for the Orb.
     0 | D:1      | Reached XP level 1. HP: 18/18 MP: 1/1
   387 | D:1      | Gained mutation: When seriously injured, your bleeding
                  | wounds create armour. (AC +6) [demonic ancestry]
   387 | D:1      | Reached XP level 2. HP: 23/24 MP: 2/2
  1107 | D:1      | Reached XP level 3. HP: 29/29 MP: 3/3
  1623 | D:2      | Reached skill level 1 in Dodging
  1742 | D:2      | HP: 1/29 [worm (2)]
  1743 | D:2      | Slain by a dart slug

Illustrated notes

Levels and vault maps discovered:
D:1:      psy_arrival_statuary, layout_loops_ring, grunt_decor_mini_mirrors
D:2:      layout_basic

Skill      XL: |  1  2  3 |
---------------+----------+-----
Maces & Flails | 2 |  2.2
Shields        | 3 |  3.1
Armour         | 3 |  3.0
Dodging        | 1 |  1.1
Fighting       | |  3.4

Action                   || total
-------------------------++-------
Melee: Flail             ||   139
  Use: Scroll            ||     3
Armor: Scale mail        ||    35
       Chain mail        ||    72
Dodge: Dodged            ||    38
Block: Kite shield       ||    92

Table legend: (Time is in decaauts)
 A = Elapsed time spent in this place.
 B = Non-inter-level travel time spent in this place.
 C = Inter-level travel time spent in this place.
 D = Time resting spent in this place.
 E = Time spent auto-exploring this place.
 F = Levels seen in this place.
 G = Mean time per level.
                   A        B        C        D        E       F      G
               +--------+--------+--------+--------+--------+-----+--------+
         Total |   1817 |   1791 |     26 |    299 |   1096 |   2 |  908.5 |
       Dungeon |   1817 |   1791 |     26 |    299 |   1096 |   2 |  908.5 |
               +--------+--------+--------+--------+--------+-----+--------+

Top non-repeatable levels by time:
     D:1: 1462 daAuts
     D:2: 354 daAuts
